Map: Incorporeal LE

Players

MaxPax

  • Race: Protoss Protoss
  • Spawn Location: 5:00

herO - Winner!

  • Race: Protoss Protoss
  • Spawn Location: 11:00

VOD

Have the link to the VOD?

Description

Time

  • Played on: June 3, 2025, 10:46 p.m.
  • Length: 23:28
Show
View Real Time Build Order
Export as new Build Order

MaxPax Protoss 

Build Orders: 1 Gate Expand, Proxy Void Ray 

Get SALT Encoding   

  12  0:00  Probe  
  13  0:12  Probe  
  14  0:19  Pylon  
  14  0:24  Probe  
  15  0:33  Probe  
  15  0:38  Gateway  
  15  0:42  Probe  
  16  0:47  Assimilator  
  17  0:52  Probe  
  18  1:04  Probe  
  19  1:16  Probe  
  20  1:22  Nexus  
  20  1:34  Cybernetics Core  
  20  1:36  Probe  
  21  1:41  Assimilator  
  21  1:48  Probe  
  21  1:51  Pylon  
  22  2:00  Probe, Adept  
  23  2:12  Probe  
  23  2:15  Stargate  
  26  2:24  Probe  
  27  2:30  Stalker  
  27  2:32  Shield Battery  
  27  2:35  Probe  
  30  2:37  Probe  
  31  2:49  Probe  
  32  2:53  Void Ray, Shield Battery  
  36  3:08  Forge  
  36  3:14  Shield Battery  
  36  3:16  Probe  
  38  3:21  Shield Battery  
  38  3:26  Shield Battery  
  37  3:36  Void Ray  
  41  3:42  Probe x2  
  43  3:54  Probe x2  
  45  3:58  Photon Cannon  
  45  4:01  Photon Cannon  
  43  4:05  Robotics Facility  
  43  4:10  Void Ray  
  46  4:20  Shield Battery  
  46  4:21  Pylon  
  46  4:28  Pylon  
  46  4:32  Photon Cannon  
  46  4:40  Assimilator  
  46  4:42  Immortal  
  46  4:51  Photon Cannon  
  50  4:58  Shield Battery  
  50  5:05  Void Ray  
  53  5:19  Photon Cannon, Immortal  
  52  5:35  Photon Cannon  
  56  5:42  Photon Cannon  
  56  5:50  Void Ray  
  60  6:06  Photon Cannon  
  60  6:10  Pylon  
  59  6:11  Immortal  
  62  6:35  Void Ray  
  62  6:37  Photon Cannon  
  50  6:48  Immortal  
  52  6:56  Probe  
  44  7:21  Void Ray  
  44  7:23  Probe x2  
  44  7:25  Immortal  
  37  7:47  Gateway  
  31  7:59  Immortal  
  39  8:20  Void Ray  
  39  8:21  Pylon  
  39  8:24  Probe  
  40  8:36  Immortal  
  37  9:13  Probe, Void Ray  
  34  9:21  Probe  
  33  9:30  Probe  
  34  9:33  Probe  
  35  9:41  Oracle  
  35  9:45  Probe  
  40  9:57  Probe  
  40  9:58  Probe  
  41  10:11  Immortal  
  45  10:20  Pylon  
  45  10:21  Probe  
  46  10:35  Probe  
  46  10:38  Probe  
  41  10:46  Cybernetics Core  
  41  10:47  Probe  
  42  10:50  Probe  
  43  10:58  Probe  
  43  11:00  Probe  
  43  11:02  Observer  
  46  11:06  Probe  
  46  11:08  Probe  
  47  11:14  Probe  
  47  11:17  Probe  
  50  11:26  Probe  
  50  11:28  Twilight Council  
  50  11:30  Probe  
  52  11:38  Shield Battery  
  52  11:40  Pylon  
  52  11:41  Probe  
  52  11:44  Probe  
  51  11:55  Oracle  
  51  11:58  Immortal  
  51  12:00  Sentry  
  60  12:02  Probe, Assimilator  
  60  12:06  Charge  
  61  12:23  Protoss Ground Weapons Level 1, Shield Battery  
  61  12:25  Warp Gate  
  61  12:30  Pylon  
  61  12:31  Probe  
  61  12:35  Sentry  
  61  12:36  Immortal  
  57  12:55  Probe  
  57  12:56  Gateway  
  58  13:06  Observer  
  58  13:14  Immortal  
  60  13:27  Sentry  
  60  13:30  Gateway  
  60  13:31  Gateway  
  62  13:35  Dark Shrine  
  62  13:45  Warp Prism  
  62  13:54  Observer  
  64  14:01  Pylon  
  64  14:04  Probe  
  64  14:08  Observer  
  65  14:15  Nexus  
  65  14:17  Zealot x2  
  67  14:30  Templar Archives  
  67  14:31  Probe x2  
  68  14:32  Pylon  
  68  14:36  Nexus  
  69  14:43  Probe  
  70  14:50  Zealot x2, Sentry  
  70  14:51  Zealot  
  78  14:54  Probe  
  78  14:55  Probe  
  80  15:04  Pylon  
  80  15:19  High Templar x3  
  86  15:22  Shield Battery  
  86  15:23  High Templar  
  86  15:24  Archon  
  86  15:26  Pylon  
  88  15:29  Probe  
  88  15:30  Observer  
  88  15:32  Archon  
  89  15:36  Gateway  
  89  15:39  Probe  
  89  15:40  Gateway  
  90  15:44  Protoss Ground Weapons Level 2  
  90  15:49  Probe  
  89  15:50  Probe  
  89  15:53  Observer  
  92  15:58  Assimilator x2  
  92  16:00  Observer  
  92  16:01  High Templar x3  
  92  16:02  High Templar  
  99  16:07  Archon x2  
  101  16:15  Pylon  
  99  16:21  Probe  
  100  16:36  Nexus  
  100  16:38  High Templar x2  
  100  16:39  Observer, Zealot x3  
  110  16:43  Probe  
  110  16:44  Probe, Archon  
  112  16:50  Pylon  
  112  16:51  Observer  
  112  16:54  Probe  
  113  17:04  Zealot x2  
  113  17:05  Dark Templar  
  113  17:08  Probe  
  120  17:15  Probe  
  119  17:20  High Templar x2, Zealot  
  125  17:24  Archon  
  125  17:27  Dark Templar  
  127  17:31  Probe, Warp Prism  
  127  17:32  Zealot  
  130  17:42  Gateway  
  130  17:43  Gateway  
  131  17:55  Zealot x4  
  131  17:56  Zealot  
  139  18:04  Photon Cannon  
  139  18:09  Immortal  
  143  18:12  Dark Templar  
  143  18:24  Probe x3  
  147  18:30  High Templar  
  147  18:33  High Templar  
  148  18:38  Shield Battery  
  148  18:39  Archon  
  148  18:40  Pylon  
  148  18:48  Immortal  
  148  19:00  High Templar x2  
  156  19:05  Archon  
  156  19:07  Pylon  
  156  19:08  Pylon  
  154  19:16  Gateway x2  
  154  19:21  Observer  
  154  19:25  Protoss Ground Weapons Level 3  
  155  19:32  Zealot x8  
  155  19:35  Pylon  
  138  19:52  Phoenix  
  138  19:53  Probe x2  
  138  19:55  Zealot x8  
  138  19:57  Immortal  
  160  20:05  Stargate  
  160  20:06  Probe  
  163  20:08  Assimilator x2  
  143  20:16  Phoenix  
  119  20:30  Zealot x6  
  111  20:35  Phoenix  
  111  20:39  Immortal  
  107  20:53  High Templar x2, Zealot x8  
  107  20:56  Phoenix  
  123  20:57  Archon  
  125  21:06  Probe  
  126  21:13  Phoenix  
  126  21:15  Zealot x3  
  126  21:16  Zealot x5  
  144  21:29  High Templar x2  
  144  21:31  Phoenix  
  148  21:34  Archon  
  148  21:36  Nexus  
  148  21:39  Pylon  
  147  21:55  High Templar x2  
  147  21:56  Zealot x6  
  147  21:59  Archon  
  147  22:00  Phoenix  
  163  22:04  Zealot  
  163  22:07  Zealot  
  149  22:22  Observer  
  123  22:25  Phoenix  
  123  22:26  Zealot x3  
  123  22:27  Zealot x3  
  109  22:32  High Templar x2  
  113  22:41  High Templar  
  113  22:42  High Templar  
  117  22:45  Archon x2  
  117  22:50  Zealot x6  
  88  23:06  Dark Templar x2  
  88  23:10  Zealot x3  
  88  23:11  Zealot  
Show
View Real Time Build Order
Export as new Build Order

herO Protoss - Winner!

Build Orders: Blink Stalkers 

Get SALT Encoding   

  12  0:00  Probe  
  13  0:12  Probe  
  14  0:17  Pylon  
  14  0:23  Probe  
  15  0:31  Probe  
  16  0:36  Gateway  
  16  0:39  Probe  
  16  0:46  Assimilator  
  17  0:50  Probe  
  17  0:54  Assimilator  
  18  0:59  Probe  
  19  1:06  Gateway  
  19  1:07  Probe  
  20  1:17  Probe  
  20  1:23  Cybernetics Core  
  21  1:29  Probe  
  22  1:34  Pylon  
  22  1:41  Probe  
  24  1:56  Stalker  
  24  2:00  Warp Gate  
  28  2:02  Adept  
  27  2:09  Twilight Council  
  27  2:22  Pylon  
  27  2:24  Stalker  
  27  2:25  Blink  
  31  2:40  Pylon  
  31  2:41  Probe  
  29  2:53  Stalker  
  29  2:55  Gateway  
  31  3:06  Shield Battery  
  31  3:07  Gateway  
  31  3:10  Stalker  
  34  3:37  Pylon  
  33  3:49  Stalker  
  33  3:50  Stalker  
  37  3:56  Gateway  
  37  4:06  Stalker  
  39  4:14  Stalker, Pylon  
  41  4:17  Stalker  
  43  4:30  Stalker  
  45  4:42  Stalker x2  
  49  4:52  Stalker  
  51  5:00  Stalker  
  53  5:15  Stalker x2  
  55  5:32  Pylon  
  55  5:51  Stalker x3  
  58  5:57  Stalker  
  58  6:19  Stalker x2  
  58  6:23  Pylon  
  62  6:32  Stalker  
  60  6:33  Stalker  
  52  6:53  Stalker x2  
  52  6:58  Stalker  
  42  7:16  Stalker x2  
  44  7:31  Stalker  
  44  7:37  Stalker  
  32  7:57  Adept, Sentry  
  32  7:58  Adept  
  36  8:08  Stalker  
  38  8:18  Stalker x2  
  42  8:26  Stalker  
  38  8:36  Stalker  
  30  8:55  Adept x2  
  32  9:01  Sentry  
  32  9:40  Nexus  
  32  9:45  Probe  
  33  9:55  Sentry  
  33  9:56  Sentry  
  33  9:57  Probe  
  37  10:05  Probe  
  38  10:11  Sentry  
  38  10:12  Sentry  
  43  10:15  Probe  
  44  10:23  Phoenix  
  44  10:27  Probe  
  45  10:36  Stalker  
  45  10:38  Probe  
  48  10:45  Stalker  
  48  10:46  Probe  
  48  10:54  Probe  
  46  11:06  Probe  
  46  11:07  Stalker x2, Probe  
  48  11:16  Probe  
  48  11:17  Probe  
  48  11:24  Probe  
  48  11:25  Probe  
  50  11:27  Stalker x2  
  56  11:34  Probe x2  
  56  11:38  Stalker  
  60  11:45  Pylon  
  60  11:47  Forge  
  60  11:54  Probe, Assimilator  
  61  11:59  Robotics Facility  
  61  12:04  Charge  
  61  12:10  Protoss Ground Weapons Level 1  
  59  12:20  Stalker x2  
  59  12:21  Stalker  
  65  12:23  Stalker  
  61  12:49  Stalker x2  
  66  12:57  Stalker  
  68  12:59  Stalker  
  68  13:02  Probe x2  
  65  13:07  Observer  
  62  13:26  Nexus  
  58  13:27  Probe x2  
  58  13:31  Stalker x3  
  58  13:32  Observer  
  67  13:36  Pylon  
  67  13:39  Probe  
  67  13:40  Probe  
  69  13:42  Protoss Ground Weapons Level 2  
  67  13:52  Gateway  
  67  13:53  Gateway  
  67  13:58  Probe  
  67  14:00  Probe  
  69  14:06  Templar Archives  
  68  14:10  Probe  
  68  14:12  Probe  
  70  14:22  Probe  
  70  14:24  Probe  
  70  14:36  Zealot x4  
  72  14:46  Shield Battery  
  72  14:48  High Templar  
  72  14:52  Shield Battery  
  74  14:53  High Templar  
  74  14:56  Probe  
  74  14:57  Probe x2  
  74  14:59  Archon  
  79  15:05  Stalker  
  81  15:11  Probe, Assimilator  
  82  15:19  Assimilator  
  82  15:21  Photon Cannon  
  82  15:23  Observer  
  82  15:24  Zealot x2  
  82  15:25  Zealot  
  88  15:31  Photon Cannon  
  88  15:38  Pylon  
  88  15:39  Pylon  
  88  15:43  Zealot x2  
  88  15:46  Protoss Ground Armor Level 1  
  92  15:54  Pylon  
  92  15:57  High Templar x2  
  92  15:58  Observer  
  92  16:01  Archon  
  96  16:06  Nexus  
  96  16:07  Pylon  
  96  16:13  Observer  
  96  16:14  Zealot x2  
  96  16:15  Observer  
  101  16:23  Gateway  
  101  16:24  Gateway  
  101  16:30  Zealot x3  
  107  16:36  Zealot x2  
  111  16:47  Pylon  
  111  16:49  Pylon  
  111  16:55  Shield Battery  
  111  16:57  High Templar  
  111  16:58  Immortal, High Templar, Zealot x3  
  125  17:11  Archon  
  125  17:13  Pylon  
  125  17:15  Probe x3  
  128  17:20  Probe, Observer  
  129  17:27  Probe x2  
  129  17:29  Robotics Bay  
  130  17:30  Protoss Ground Weapons Level 3  
  130  17:36  Assimilator  
  130  17:37  Robotics Facility  
  130  17:40  Zealot x3  
  136  17:46  Zealot  
  136  17:47  Zealot  
  140  17:56  Zealot x2  
  141  18:16  Photon Cannon, Observer  
  141  18:17  Disruptor  
  137  18:25  Probe x4  
  118  18:28  Disruptor  
  122  18:35  Zealot x7  
  138  18:47  Probe x3  
  139  18:49  Probe  
  139  18:50  Disruptor  
  139  18:54  Disruptor  
  140  19:00  Probe x3  
  140  19:01  Probe  
  146  19:09  Phoenix  
  150  19:10  Pylon  
  150  19:13  Photon Cannon  
  150  19:16  Disruptor, Pylon  
  150  19:21  Disruptor  
  150  19:25  Photon Cannon  
  150  19:26  Pylon  
  154  19:37  Zealot x4  
  166  19:42  Disruptor  
  155  19:53  Zealot  
  155  19:54  Zealot x2  
  161  20:02  Stalker x3  
  151  20:17  Disruptor  
  151  20:20  Zealot x2  
  151  20:21  Zealot x2  
  145  20:22  Disruptor  
  115  20:40  Zealot x3  
  115  20:42  Zealot x4  
  109  20:53  Gateway  
  109  20:54  Gateway  
  113  21:02  Zealot x3  
  119  21:08  High Templar x2, Zealot x2  
  119  21:09  Immortal  
  123  21:13  Nexus, Archon  
  123  21:14  Immortal  
  123  21:18  Pylon  
  131  21:30  Zealot x3  
  136  21:33  Sentry  
  136  21:38  Zealot  
  140  21:55  High Templar x2, Zealot  
  140  21:56  Zealot x4  
  140  21:58  Observer  
  140  21:59  Photon Cannon, Archon  
  155  22:04  Zealot x2  
  141  22:16  Zealot x5  
  103  22:32  High Templar x2, Zealot x2  
  103  22:36  Zealot x5  
  121  22:42  Archon  
  111  22:55  Zealot x7  
  94  23:09  Zealot x2  
Tags
 
Composition
Blink Stalkers
Matchup
PvP
Spawn Locations
Cross Positions
Add a new tag
Caveats
  • Supply blocks, unpowered buildings, or Contaminate may cause inaccurate times.
  • Supply counts are checked every 10 seconds.